 Dungeon Crawl Stone Soup version 0.27.1-37-g7b29ead8ac (console) character file.

Game seed: 11322401468111092867

51 grimtooth the Gusty (level 3, -5/19 HPs)
             Began as a Deep Elf Air Elementalist on Oct 27, 2023.
             Was an Initiate of Sif Muna.
             Killed from afar by an orc wizard (11 damage)
             ... with a puff of flame
             ... on level 3 of the Dungeon.
             The game lasted 00:08:14 (2246 turns).

grimtooth the Gusty (Deep Elf Air Elementalist)     Turns: 2246, Time: 00:08:16

Health: -5/19      AC:  2    Str:  5    XL:     3   Next: 58%
Magic:  2/9        EV: 12    Int: 20    God:    Sif Muna [......]
Gold:   60         SH:  0    Dex: 15    Spells: 2/8 levels left

rFire    . . .     SeeInvis .   a - +1 dagger (venom)
rCold    . . .     Faith    .   (no shield)
rNeg     . . .     Spirit   .   d - +0 robe
rPois    .         Reflect  .   (no helmet)
rElec    .         Harm     .   (no cloak)
rCorr    .         Rampage  .   (no gloves)
Will     .....                  (no boots)
Stlth    ++........             (no amulet)
HPRegen  0.06/turn              (no ring)
MPRegen  0.11/turn              (no ring)

@: no status effects
A: no striking features
a: Renounce Religion


You were on level 3 of the Dungeon.
You worshipped Sif Muna.
Sif Muna was noncommittal.
You visited 1 branch of the dungeon, and saw 3 of its levels.

You collected 60 gold pieces.

Inventory:

Hand Weapons
 a - a +1 dagger of venom (weapon)
Missiles
 b - 43 arrows
 e - 74 stones
Armour
 d - a +0 robe (worn)
Jewellery
 c - a ring of fire
Scrolls
 f - a scroll of enchant armour {unknown}
 h - a scroll of identify {unknown}
 i - a scroll of immolation {unknown}
 j - a scroll of magic mapping {unknown}
 k - a scroll of acquirement {unknown}
Potions
 g - a potion of invisibility {unknown}


   Skills:
 - Level 2.4 Dodging
 - Level 2.4 Stealth
 - Level 3.0 Spellcasting
 + Level 2.3 Conjurations
 * Level 4.2 Air Magic


You had 2 spell levels left.
You knew the following spells:

 Your Spells              Type           Power      Damage    Failure   Level
a - Shock                 Conj/Air       64%        1d7       3%          1
b - Static Discharge      Conj/Air       16%        N/A       5%          2
s - Swiftness             Air            19%        N/A       8%          3

Your spell library contained the following spells:

 Spells                   Type           Power      Damage    Failure   Level
 Airstrike                Air            9%         N/A       26%         4


Dungeon Overview and Level Annotations

Branches:
Dungeon (3/15)

Altars:
Sif Muna

Annotations:
D:2 Sigmund, Terence


Message History

The orc wizard gestures at you while chanting.
You are confused.
The orc wizard gestures at you while chanting.
The puff of flame hits you.
You bump into the rock wall.
The orc wizard hits you but does no damage.
You miss the orc wizard.
The orc wizard hits you with a +0 dagger.
You're too confused to move!
You feel less confused.
The orc wizard hits you with a +0 dagger.
Casting: Shock (safe; 3% risk of failure)
Confirm with . or Enter, or press ? or * to list all spells.
Aiming: Shock (safe; 3% risk of failure)
Press: ? - help, Shift-Dir - straight line The zap hits the orc wizard.
The orc wizard is moderately wounded.
The zap hits the orc wizard.
The orc wizard is moderately wounded.
The orc wizard hits you with a +0 dagger.
* * * LOW HITPOINT WARNING * * *
Your magical contamination has completely faded away.
Casting: Shock (safe; 3% risk of failure)
Confirm with . or Enter, or press ? or * to list all spells.
Aiming: Shock (safe; 3% risk of failure)
Press: ? - help, Shift-Dir - straight line The zap hits the orc wizard.
The orc wizard is severely wounded.
The zap hits the orc wizard.
The orc wizard is almost dead.
The orc wizard barely misses you.
Casting: Shock (safe; 3% risk of failure)
Confirm with . or Enter, or press ? or * to list all spells.
Aiming: Shock (safe; 3% risk of failure)
Press: ? - help, Shift-Dir - straight line The zap misses the orc wizard. x2
The orc wizard points at you and mumbles some strange words.
The puff of flame hits you!
Ouch! That really hurt!
You die...

#.#.........#....#.......#.##.#
..#.###.#...####....._.....#...
#### # #...# #.#.......#....#
#...# #.#.......#....# #...#
##.##.....##.....
###########...###..####.####.#.##
.................................
############.##############.#.###
#.##### #...# #.....# ###.#
#####@# #.# #o# #.# #)###### #w#
#.)....# #.### ######o# #o#.. .#
#.#.. #.#######.#.# ....o.S......
.o........... ...o.......##
..ooo#####.#


You could see an orc wizard.

Vanquished Creatures
  An adder (D:2)
  3 orcs (D:3)
  6 ball pythons
  6 bats
  4 endoplasms
  A giant cockroach (D:1)
  5 goblins
  3 hobgoblins
  2 quokkas
  A frilled lizard (D:1)
  A kobold (D:1)
  2 rats (D:1)
35 creatures vanquished.

Notes
Turn   | Place    | Note
-------+----------+-------------------------------------------
     0 | D:1      | grimtooth the Deep Elf Air Elementalist began the quest for
                  | the Orb.
     0 | D:1      | Reached XP level 1. HP: 10/10 MP: 6/6
    27 | D:1      | Found a faded altar of an unknown god.
   239 | D:1      | Reached XP level 2. HP: 15/15 MP: 5/8
  1246 | D:2      | Reached XP level 3. HP: 19/19 MP: 4/9
  1292 | D:2      | Noticed Sigmund
  1343 | D:2      | Reached skill level 4 in Air Magic
  1434 | D:2      | Learned a level 3 spell: Swiftness
  1437 | D:2      | Learned a level 2 spell: Static Discharge
  1466 | D:2      | Noticed Terence
  1592 | D:3      | Found a shimmering blue altar of Sif Muna.
  1601 | D:3      | Became a worshipper of Sif Muna the Loreminder
  2246 | D:3      | Killed from afar by an orc wizard

Illustrated notes

Levels and vault maps discovered:
D:1:      amcnicky_arrival_choice, layout_rooms, basic_ecumenical_altar,
          interstate_on_off
D:2:      layout_basic, st_stairs_6, minmay_goblin_kobold_house, uniq_sigmund,
          uniq_terence
D:3:      minmay_angry_zag, layout_basic, old_standard_altar,
          kennysheep_generic_room_3

Skill      XL: |  1  2  3 |
---------------+----------+-----
Conjurations   | 2 |  2.3
Air Magic      | 4 |  4.2
Dodging        | |  2.4
Stealth        | |  2.4
Spellcasting   | |  3.0

Action                   || total
-------------------------++-------
Melee: Dagger            ||    14
 Cast: Shock             ||    59
       Static Discharge  ||     2
 Stab: Sleeping          ||     1
Armor: Robe              ||     2
Dodge: Dodged            ||    16
